 Dungeon Crawl Stone Soup version 0.28.0 (webtiles) character file.

Game seed: 13615693769199798310

8 krispywithak the Ruffian (level 2, -2/23 HPs)
             Began as a Draconian Transmuter on Feb 4, 2022.
             Slain by a hobgoblin (3 damage)
             ... on level 1 of the Dungeon.
             The game lasted 00:00:32 (91 turns).

krispywithak the Ruffian (Draconian Transmuter)       Turns: 91, Time: 00:00:33

Health: -2/23      AC:  4    Str: 12    XL:     2   Next: 0%
Magic:  5/5        EV: 12    Int: 13    God:
Gold:   0          SH:  0    Dex: 11    Spells: 4/5 levels left

rFire   . . .      SeeInvis .     - Unarmed
rCold   . . .      Faith    .   (no shield)
rNeg    . . .      Spirit   .   (armour unavailable)
rPois   .          Reflect  .   (helmet restricted)
rElec   .          Harm     .   (no cloak)
rCorr   .          Rampage  .   (no gloves)
Will    .....                   (no boots)
Stlth   +.........              (no amulet)
HPRegen 0.07/turn               (no ring)
MPRegen 0.09/turn               (no ring)

@: no status effects
A: AC +4, unfitting armour, cold-blooded
a: no special abilities


You were on level 1 of the Dungeon.
You visited 1 branch of the dungeon, and saw 1 of its levels.

You aren't carrying anything.


   Skills:
 + Level 1.1 Fighting
 + Level 1.9 Dodging
 + Level 3.2 Unarmed Combat
 + Level 2.0 Spellcasting
 + Level 2.2 Transmutations


You had 4 spell levels left.
You knew the following spells:

 Your Spells              Type           Power      Damage    Failure   Level
a - Beastly Appendage     Tmut           14%        N/A       11%         1

Your spell library contained the following spells:

 Spells                   Type           Power      Damage    Failure   Level
 Wereblood                Tmut           7%         N/A       16%         2
 Spider Form              Tmut/Pois      4%         N/A       43%         3
 Ice Form                 Ice/Tmut       4%         N/A       85%         4


Dungeon Overview and Level Annotations

Branches:
Dungeon (1/15)

Altars:


Innate Abilities, Weirdness & Mutations

Your plain brown scales are hard. (AC +4)
You cannot fit into any form of body armour.
You are cold-blooded and may be slowed by cold attacks.


Message History

Sorry, you're not good enough to have a special ability.
You barely miss the jackal. The jackal closely misses you.
You hit the jackal but do no damage. The jackal misses you.
The hobgoblin closely misses you.
The jackal bites you but does no damage.
You hit the jackal. You tail-slap the jackal.
The jackal is heavily wounded.
The jackal bites you but does no damage.
The hobgoblin barely misses you.
The jackal bites you but does no damage.
You hit the jackal.
Your tail-slap misses the jackal.
The jackal is almost dead.
The jackal bites you. The jackal completely misses you.
The hobgoblin completely misses you. The jackal barely misses you.
The jackal bites you.
* * * LOW HITPOINT WARNING * * *
You barely miss the jackal.
The jackal is almost dead.
The jackal bites you.
* * * LOW HITPOINT WARNING * * *
The jackal bites you.
* * * LOW HITPOINT WARNING * * *
The hobgoblin barely misses you. The jackal barely misses you.
The jackal misses you.
You hit the jackal.
You kill the jackal!
The jackal barely misses you. The hobgoblin misses you.
The jackal bites you but does no damage.
You have reached level 2!
You hit the dart slug.
The dart slug is heavily wounded.
The jackal closely misses you.
The jackal bites you but does no damage.
The hobgoblin barely misses you. The dart slug closely misses you.
You hit the dart slug.
The dart slug is almost dead.
The jackal bites you.
* * * LOW HITPOINT WARNING * * *
The jackal barely misses you. The hobgoblin hits you.
You die...

#
#..##............
#
...##............
.....
#.##......###
.#...
#............ ##
.....###....#### #
#... #....######
...#####.........#
.. #........g....#
. ##.......w@...#
#.......hh...#
#....#+#######
#..... #.....
........ .###.....
###....


You could see a dart slug, 2 jackals and a hobgoblin.

Vanquished Creatures
  A ball python (D:1)
  2 endoplasms (D:1)
  2 jackals (D:1)
  A kobold (D:1)
6 creatures vanquished.

Notes
Turn   | Place    | Note
-------+----------+-------------------------------------------
     0 | D:1      | krispywithak the Draconian Transmuter began the quest for
                  | the Orb.
     0 | D:1      | Reached XP level 1. HP: 16/16 MP: 3/3
    90 | D:1      | Reached XP level 2. HP: 2/23 MP: 5/5
    91 | D:1      | HP: 1/23 [jackal (1)]
    91 | D:1      | Slain by a hobgoblin

Illustrated notes

Levels and vault maps discovered:
D:1:      dpeg_arrival_arbitrary_b, layout_basic,
          nicolae_ecumenical_snake_handling

Action                   || total
-------------------------++-------
Melee: Unarmed           ||    23
       Tailslap          ||     4
       Punch             ||     1
Armor: Skin              ||    22
Dodge: Dodged            ||    45
